 Dungeon Crawl Stone Soup version 0.20.0-4-g10b340a (webtiles) character file.

331 Monsterracer the Insei (level 6, -4/51 HPs)
             Began as a Naga Transmuter on May 27, 2017.
             Slain by Apogee's ghost (18 damage)
             ... on level 5 of the Dungeon.
             The game lasted 00:08:47 (5277 turns).

Monsterracer the Insei (Naga Transmuter)            Turns: 5277, Time: 00:08:47

Health: -4/51      AC:  3    Str: 12    XL:     6   Next: 51%
Magic:  9/9        EV: 10    Int: 15    God:
Gold:   185        SH:  0    Dex: 12    Spells: 0/9 levels left

rFire    . . .     SeeInvis +     - Unarmed
rCold    . . .     Gourm    .   (no shield)
rNeg     . . .     Faith    .   b - +0 robe
rPois    +         Spirit   .   (no helmet)
rElec    .         Reflect  .   (no cloak)
rCorr    .         Harm     .   (no gloves)
MR       .....                  (no barding)
Stlth    +.........             (no amulet)
Regen    0.2/turn               (no ring)
MPRegen  0.2/turn               (no ring)

@: very slow
A: see invisible, deformed body, poison resistance, slowness 2, slow metabolism
1, spit poison 1, AC +2
a: Spit Poison


You were on level 5 of the Dungeon.
You were not hungry.

You visited 1 branch of the dungeon, and saw 5 of its levels.

You collected 185 gold pieces.

Inventory:

Missiles
 m - a throwing net (quivered)
 o - 5 tomahawks
Armour
 b - a +0 robe (worn)
Jewellery
 l - an uncursed ring of fire
Scrolls
 e - 2 scrolls of identify
 f - a scroll of enchant armour
 j - 4 scrolls of remove curse
Potions
 a - a potion of agility
 p - a potion of brilliance
Books
 c - a book of Changes

   Spells                             Type                      Level
   a - Beastly Appendage              Transmutation                1
   b - Sticks to Snakes               Transmutation                2
   c - Spider Form                    Transmutation/Poison         3
   d - Ice Form                       Ice/Transmutation            4
   e - Blade Hands                    Transmutation                5
Comestibles
 d - 6 bread rations
 i - 4 fruits
 q - 4 meat rations


   Skills:
 + Level 1.4 Fighting
 + Level 1.9 Dodging
 * Level 6.0 Unarmed Combat
 - Level 2.1 Spellcasting
 + Level 3.0 Transmutations
 - Level 2.4 Poison Magic


You couldn't memorise any spells.
You knew the following spells:

 Your Spells              Type           Power        Failure   Level  Hunger
a - Beastly Appendage     Tmut           ##....       6%          1    #......
b - Spider Form           Tmut/Pois      #.........   22%         3    ###....
c - Blade Hands           Tmut           ##........   86%         5    ######.


Dungeon Overview and Level Annotations

Branches:
Dungeon (5/15)
 Temple: D:4-7

Altars:
Ashenzari

Annotations:
D:5 Apogee's ghost, novice MiFi


Innate Abilities, Weirdness & Mutations

You cannot wear boots.
Your serpentine skin is tough. (AC +2)
You have supernaturally acute eyesight. (SInv)
Armour fits poorly on your strangely shaped body.
Your system is resistant to poisons. (rPois)
You cover ground very slowly.
You have a slow metabolism.
You can spit poison.


Message History

g - a chunk of flesh
Things that are here:
a hand axe; an orc skeleton You start resting.
Eating a chunk of flesh.
You eat the chunk of flesh.
This raw flesh tastes terrible.
Your transformation has ended.
Your +0 robe unmelds from your body.
You start resting.
Apogee's ghost (novice Minotaur Fighter) comes into view.
Apogee's ghost is nearby!
Your magical contamination has completely faded away.
Okay, then.
Things that are here:
a hand axe; an orc skeleton Apogee's ghost turns its malevolent gaze towards you.
Apogee's ghost hits you!
* * * LOW HITPOINT WARNING * * *
There is a stone staircase leading up, spattered with blood here.
Apogee's ghost hits you!!
You die...

......# .....#
....#....# ....
...# ...# ... ..#
..# .. ######.#
#.# .#
#...##.####.##.##
#...............#
#...@...........#
#...W...........#
#.........._....#
#...............#
#...............#
###.####.###.####
#.# #.###)).##..
.. #...W)........
#..
#.............


You could see Apogee's ghost.

Vanquished Creatures
  2 scorpions (D:4)
  2 orc wizards
  5 adders
  An ooze (D:1)
  An adder zombie (D:5)
  4 worms
  3 dart slugs
  2 leopard geckos (D:1)
  13 orcs
  4 bats
  3 giant cockroaches (D:1)
  9 goblins
  11 hobgoblins
  10 jackals
  2 quokkas
  A ball python (D:1)
  A ball python skeleton (D:4)
  5 frilled lizards
  6 kobolds
  A quokka skeleton (D:4)
  7 rats
93 creatures vanquished.

Vanquished Creatures (collateral kills)
  A worm (D:2)
  2 bats (D:1)
3 creatures vanquished.

Grand Total: 96 creatures vanquished

Notes
Turn   | Place    | Note
-------+----------+-------------------------------------------
     0 | D:1      | Monsterracer the Naga Transmuter began the quest for the Orb.
     0 | D:1      | Reached XP level 1. HP: 18/18 MP: 3/3
   300 | D:1      | Reached XP level 2. HP: 6/25 MP: 3/5
   304 | D:1      | Learned a level 2 spell: Sticks to Snakes
   775 | D:1      | Reached XP level 3. HP: 29/31 MP: 6/6
   780 | D:1      | Learned a level 3 spell: Spider Form
   964 | D:1      | Reached skill level 1 in Poison Magic
  1293 | D:2      | Reached skill level 4 in Unarmed Combat
  1570 | D:2      | Reached XP level 4. HP: 25/38 MP: 5/7
  3020 | D:3      | Reached XP level 5. HP: 38/44 MP: 5/8
  3539 | D:4      | Reached skill level 5 in Unarmed Combat
  4536 | D:4      | Reached XP level 6. HP: 24/51 MP: 9/9
  4779 | D:4      | Learned a level 5 spell: Blade Hands
  5094 | D:5      | Entered Level 5 of the Dungeon
  5094 | D:5      | Found a shattered altar of Ashenzari.
  5210 | D:5      | Reached skill level 6 in Unarmed Combat
  5265 | D:5      | Noticed Apogee's ghost (novice MiFi)
  5277 | D:5      | Slain by Apogee's ghost

Skill      XL: |  1  2  3  4  5  6 |
---------------+-------------------+-----
Poison Magic   | 1 2 |  2.4
Unarmed Combat | 4 5 6 |  6.0
Transmutations | 3 |  3.0
Fighting       | |  1.4
Dodging        | |  1.9
Spellcasting   | |  2.1

Action                   |  1- 3 |  4- 6 || total
-------------------------+-------+-------++-------
Melee: Unarmed           |   113 |   223 ||   336
       Punch             |     1 |     8 ||     9
       Headbutt          |     1 |     2 ||     3
Throw: Throwing net      |       |     1 ||     1
 Cast: Beastly Appendage |     3 |     5 ||     8
       Sticks to Snakes  |     2 |     1 ||     3
       Spider Form       |       |     6 ||     6
 Abil: Spit Poison       |     6 |     3 ||     9
  Use: Potion            |     1 |     5 ||     6
       Scroll            |       |     7 ||     7
 Stab: Distracted        |     2 |       ||     2
       Sleeping          |       |     2 ||     2
  Eat: Chunk             |     2 |     9 ||    11
       Fruit             |       |     2 ||     2
Armor: Robe              |    22 |    18 ||    40
       Skin              |       |     4 ||     4
Dodge: Dodged            |    58 |   122 ||   180
